Map: [ESL] Ghost River

Players

Oliveira - Winner!

  • Race: Terran Terran
  • Spawn Location: 11:00

Silky

  • Race: Zerg Zerg
  • Spawn Location: 1:00

Event: ESL SC2 Masters 2024 Spring (Regional)

VOD

Have the link to the VOD?

Description

Time

  • Played on: April 16, 2024, 7:52 a.m.
  • Length: 10:52

All games in this series

Show
View Real Time Build Order
Export as new Build Order

Oliveira Terran - Winner!

Build Orders: Gas First Reaper Expand, Hellion Banshee 

Get SALT Encoding   

  12  0:00  SCV  
  13  0:12  SCV  
  14  0:17  Supply Depot  
  14  0:24  SCV  
  15  0:29  Refinery  
  15  0:38  SCV  
  16  0:44  Barracks  
  16  0:50  SCV  
  17  1:02  SCV  
  18  1:16  SCV  
  19  1:31  Orbital Command, Reaper  
  20  1:42  Command Center  
  20  1:52  Factory  
  20  1:57  SCV  
  21  2:07  Barracks Reactor, Supply Depot  
  21  2:10  SCV  
  21  2:15  Refinery  
  23  2:22  SCV  
  23  2:35  SCV  
  24  2:45  Starport  
  24  2:47  SCV  
  25  2:52  Hellion x2, Marine  
  25  2:55  Orbital Command  
  30  2:59  SCV  
  31  3:10  Marine  
  32  3:13  SCV, Hellion  
  32  3:14  Hellion  
  37  3:21  SCV, Medivac  
  40  3:28  Supply Depot, Marine  
  40  3:30  SCV  
  42  3:36  Armory  
  42  3:39  Hellion  
  44  3:45  Hellion  
  46  3:50  SCV  
  46  3:51  SCV, Supply Depot  
  46  3:53  Starport Tech Lab  
  50  4:02  Hellion  
  50  4:04  SCV x2  
  50  4:06  Hellion  
  54  4:13  Cloaking Field  
  54  4:14  Supply Depot  
  54  4:16  Banshee  
  57  4:27  SCV  
  57  4:30  SCV  
  59  4:34  Hellion x2  
  59  4:39  Barracks Tech Lab, Command Center  
  59  4:40  SCV  
  59  4:42  SCV  
  61  4:51  Supply Depot  
  61  4:53  SCV  
  61  4:55  SCV  
  61  4:58  Factory Reactor  
  61  4:59  Banshee  
  66  5:00  Supply Depot  
  66  5:02  Stimpack, Marine  
  66  5:06  SCV  
  69  5:07  SCV  
  69  5:17  Barracks  
  69  5:18  SCV  
  69  5:19  Barracks  
  70  5:23  Marine  
  70  5:24  SCV  
  70  5:28  Engineering Bay x2  
  72  5:30  Supply Depot  
  69  5:35  SCV  
  69  5:38  SCV, Refinery  
  71  5:48  Starport Reactor  
  71  5:49  Barracks  
  71  5:56  Barracks  
  69  6:01  Marine  
  69  6:02  Siege Tank  
  69  6:03  SCV  
  74  6:04  SCV  
  74  6:05  Orbital Command  
  74  6:06  Terran Infantry Weapons Level 1, Terran Infantry Armor Level 1  
  74  6:09  Refinery  
  67  6:12  Marine x2  
  67  6:15  SCV  
  70  6:19  SCV  
  70  6:24  Marine  
  70  6:25  Marine  
  72  6:26  Marine  
  72  6:27  SCV  
  72  6:30  Marine x2  
  70  6:36  Siege Tank  
  70  6:37  Orbital Command  
  70  6:38  SCV  
  70  6:39  SCV, Medivac x2  
  77  6:42  Marine  
  77  6:43  Marine  
  77  6:44  Marine  
  80  6:47  Barracks Reactor  
  80  6:49  Barracks Reactor  
  80  6:50  SCV  
  80  6:51  SCV, Marine  
  83  6:55  Marine  
  83  6:57  Supply Depot  
  83  7:00  Marine  
  83  7:01  Combat Shield  
  85  7:02  SCV x2, Marine  
  85  7:03  SCV  
  85  7:06  Marine  
  90  7:08  Supply Depot  
  90  7:09  Marine  
  90  7:13  Marine  
  90  7:14  SCV  
  90  7:15  SCV x2  
  95  7:21  Supply Depot, Marine x2  
  96  7:23  Siege Tank, Marine  
  96  7:24  Marine  
  96  7:26  SCV  
  96  7:27  SCV x2  
  64  7:30  Medivac x2, Marine  
  104  7:34  Marine x2  
  104  7:36  Refinery  
  111  7:37  Marine x2  
  111  7:43  Marine  
  114  7:51  Marine  
  114  7:54  Marine x2  
  114  7:56  Marine x2  
  114  7:57  Siege Tank  
  114  7:58  Marine x2  
  122  8:01  Terran Infantry Weapons Level 2  
  117  8:07  Marine x2  
  117  8:08  Terran Infantry Armor Level 2  
  117  8:09  Marine  
  117  8:11  SCV, Marine  
  117  8:12  SCV, Marine  
  119  8:14  SCV, Refinery, Command Center, Marine x2  
  119  8:15  Supply Depot x2  
  119  8:17  Marine  
  119  8:18  Marine  
  124  8:25  Marine x2  
  124  8:26  Terran Vehicle Weapons Level 1  
  124  8:27  Marine  
  126  8:29  SCV x2, Marine x2  
  126  8:31  Factory  
  126  8:32  Marine x2  
  130  8:34  Siege Tank  
  130  8:36  Marine  
  130  8:40  Marine  
  129  8:42  Marine  
  129  8:43  Marine  
  125  8:50  Marine x5  
  125  8:52  SCV  
  125  8:54  Marine  
  124  8:57  Supply Depot, Marine  
  124  8:58  Medivac x2  
  124  9:00  Marine  
  124  9:01  Marine  
  131  9:08  Marine x2  
  133  9:10  Barracks  
  133  9:12  Barracks  
  133  9:13  Siege Tank  
  133  9:14  Marine  
  133  9:15  Barracks  
  137  9:18  Factory Tech Lab  
  137  9:22  Marine x3  
  137  9:23  Marine x3  
  140  9:25  Marine  
  140  9:26  SCV x2  
  140  9:28  SCV, Marine  
  145  9:33  Marine  
  146  9:38  SCV  
  146  9:39  SCV  
  146  9:40  Siege Tank, Marine x2  
  146  9:41  SCV  
  146  9:42  Marine x2  
  146  9:45  Supply Depot, Marine  
  157  9:53  Marine x2  
  157  9:57  Planetary Fortress  
  157  9:59  Sensor Tower  
  159  10:00  Marine x2  
  159  10:04  Barracks Tech Lab x2  
  159  10:05  Marine  
  161  10:07  Marine  
  161  10:09  Siege Tank  
  160  10:20  Marine x2  
  160  10:21  Marine x2  
  137  10:24  Marine x2  
  137  10:25  SCV  
  137  10:26  Marauder x2  
  137  10:28  Barracks Tech Lab  
  152  10:33  Marine  
Show
View Real Time Build Order
Export as new Build Order

Silky Zerg 

Build Orders: Hatch First 

Get SALT Encoding   

  12  0:00  Drone  
  13  0:12  Overlord  
  13  0:17  Drone  
  14  0:31  Drone x2  
  16  0:48  Hatchery  
  15  0:51  Drone  
  15  0:55  Drone  
  17  0:59  Drone  
  18  1:05  Extractor  
  17  1:14  Spawning Pool  
  17  1:18  Drone  
  17  1:21  Drone  
  18  1:28  Drone  
  19  1:39  Drone  
  20  1:50  Drone  
  21  2:01  Queen x2  
  23  2:02  Zergling x4  
  27  2:19  Hatchery  
  27  2:20  Metabolic Boost  
  26  2:29  Overlord  
  26  2:30  Drone  
  26  2:34  Drone  
  27  2:46  Overlord, Queen  
  27  2:48  Drone  
  27  2:50  Drone  
  31  2:52  Drone  
  31  2:56  Drone x2  
  34  3:00  Drone  
  34  3:05  Queen  
  37  3:10  Drone x2  
  39  3:13  Drone  
  39  3:15  Drone  
  39  3:18  Overlord  
  41  3:23  Zergling x4  
  43  3:30  Queen  
  43  3:32  Drone  
  43  3:33  Drone  
  47  3:37  Queen  
  47  3:39  Drone x2  
  51  3:45  Queen  
  51  3:47  Drone  
  54  3:55  Overlord  
  54  3:57  Overlord  
  54  4:02  Overlord  
  54  4:07  Overlord  
  54  4:11  Overlord  
  54  4:12  Queen  
  54  4:15  Zergling x8, Drone  
  54  4:16  Zergling x2  
  62  4:20  Zergling x2  
  62  4:22  Queen  
  65  4:28  Queen  
  65  4:31  Drone x2  
  69  4:33  Drone x2  
  69  4:34  Drone  
  69  4:37  Drone x2  
  74  4:43  Spore Crawler  
  74  4:44  Spore Crawler  
  74  4:45  Spore Crawler  
  69  4:51  Drone x7  
  69  4:52  Drone  
  78  4:57  Lair  
  79  5:00  Drone  
  79  5:01  Baneling Nest  
  78  5:07  Drone x4  
  82  5:14  Hatchery  
  82  5:16  Extractor  
  80  5:24  Overlord  
  80  5:26  Overlord  
  80  5:28  Spore Crawler  
  80  5:32  Drone x4  
  82  5:36  Evolution Chamber  
  82  5:37  Evolution Chamber  
  82  5:38  Extractor  
  82  5:39  Drone x3  
  82  5:45  Overlord x2  
  82  5:46  Drone x7  
  89  5:50  Extractor  
  79  6:08  Drone x9  
  86  6:14  Spore Crawler  
  86  6:16  Overseer  
  76  6:19  Zergling x6  
  56  6:36  Drone x11  
  67  6:41  Drone x5  
  67  6:43  Zerg Melee Weapons Level 1  
  67  6:44  Drone  
  73  6:53  Drone x5  
  78  6:58  Zerg Ground Armor Level 1  
  78  7:05  Drone x4  
  78  7:07  Zergling x2  
  83  7:15  Drone x6  
  88  7:19  Zergling x6  
  88  7:20  Zergling x2  
  90  7:24  Centrifugal Hooks  
  90  7:27  Zergling x6  
  90  7:29  Spore Crawler  
  92  7:32  Zergling x4, Spore Crawler  
  92  7:36  Zergling x4  
  95  7:43  Zergling x6  
  98  7:45  Hydralisk Den  
  98  7:46  Hatchery  
  98  7:47  Zergling x2  
  98  7:48  Zergling x4  
  97  8:04  Zergling x22  
  105  8:11  Overlord x3  
  105  8:13  Drone  
  105  8:14  Drone x2  
  105  8:16  Muscular Augments  
  105  8:18  Hydralisk x4  
  115  8:24  Hydralisk x2  
  115  8:26  Baneling x4  
  119  8:31  Overseer, Baneling x3  
  119  8:32  Zergling x4  
  121  8:37  Zergling x8  
  121  8:45  Hydralisk x3, Zergling x2  
  112  8:52  Zergling x2  
  112  8:53  Zergling x8  
  115  9:01  Zergling x4  
  115  9:02  Zergling x6  
  119  9:08  Drone x4  
  119  9:09  Drone  
  124  9:10  Baneling x8  
  124  9:11  Baneling  
  124  9:15  Zergling x8  
  126  9:22  Drone  
  126  9:23  Drone x5  
  129  9:25  Drone  
  129  9:26  Drone x2  
  129  9:30  Zergling x2, Extractor  
  129  9:31  Zergling x6  
  135  9:32  Extractor  
  135  9:37  Extractor, Drone x3  
  135  9:38  Drone x3  
  139  9:39  Zergling x2  
  139  9:44  Zergling x2  
  139  9:45  Zergling x8  
  145  9:50  Zergling x8  
  149  9:59  Baneling x3  
  147  10:08  Zergling x8  
  147  10:09  Baneling x6  
  142  10:17  Zergling x20  
  119  10:23  Zergling x10  
  119  10:27  Zergling x10  
  126  10:34  Zergling x18  
Tags
 
Add a new tag
Caveats
  • Supply blocks, unpowered buildings, or Contaminate may cause inaccurate times.
  • Supply counts are checked every 10 seconds.